 Dungeon Crawl Stone Soup version 0.19.1-1-g22dce08 (webtiles) character file.

117252 dngmouse the Warrior (level 16, -4/165 HPs)
             Began as a Minotaur Berserker on Jan 17, 2017.
             Was the Champion of Trog.
             Killed from afar by a deep elf mage (33 damage)
             ... with a bolt of negative energy
             ... on level 1 of the Elven Halls.
             The game lasted 01:58:56 (18368 turns).

dngmouse the Warrior (Minotaur Berserker)          Turns: 18368, Time: 01:59:00

Health: -4/165     AC: 31    Str: 27    XL:     16   Next: 22%
Magic:  13/24      EV:  9    Int:  6    God:    Trog [******]
Gold:   1910       SH:  0    Dex: 21    Spells: 0 memorised, 15 levels left

rFire  + + +     SeeInvis .     a - +6 executioner's axe (chop)
rCold  + + .     Gourm    +     T - +4 plate armour {rF+}
rNeg   . . .     Faith    .     (shield currently unavailable)
rPois  .         Spirit   .     (helmet restricted)
rElec  +         Reflect  .     R - +0 cloak "Raetiu" {rC+ Int+2}
rCorr  .         Harm     .     S - +1 pair of gloves "Uqatt" {rElec rF+ rC+ MP+9}
MR     +....                    X - +1 pair of boots
Stlth  ..........               x - amulet of Coolanorgh {Gourm rF+ Dex+7}
                                d - +4 ring of slaying
                                s - +4 ring of protection

@: liquid flames, glowing, heavily drained
A: retaliatory headbutt, horns 2, yellow scales 1, agile 1, blurry vision 1,
sense surroundings 1, slow regeneration 2, subdued magic 1
a: Berserk, Trog's Hand, Brothers in Arms, Burn Spellbooks, Renounce Religion


You were on level 1 of the Elven Halls.
You worshipped Trog.
Trog was exalted by your worship.
You were very full.

You visited 4 branches of the dungeon, and saw 21 of its levels.
You also visited: Sewer and Volcano.

You collected 2722 gold pieces.
You spent 812 gold pieces at shops.

Inventory:

Hand Weapons
 a - a +6 executioner's axe of chopping (weapon)
 b - a +6 battleaxe of flaming
 c - a +3 antimagic battleaxe
Missiles
 C - 10 poisoned javelins (quivered)
Armour
 e - the +2 cloak of Infinity {rF- MR+ Int+4 Stlth+}
   (You bought it in a shop on level 2 of the Orcish Mines)

   It affects your intelligence (+4).
   It makes you vulnerable to fire.
   It affects your resistance to hostile enchantments.
   It makes you more stealthy.
 G - the +0 pair of gloves "Ussuon" {rPois rF+++ MR- Stlth-}
   (You found it on level 7 of the Dungeon)

   It renders you almost immune to fire.
   It protects you from poison.
   It affects your resistance to hostile enchantments.
   It makes you less stealthy.
 R - the +0 cloak "Raetiu" (worn) {rC+ Int+2}
   (You bought it in a shop on level 2 of the Orcish Mines)

   It affects your intelligence (+2).
   It protects you from cold.
 S - the +1 pair of gloves "Uqatt" (worn) {rElec rF+ rC+ MP+9}
   (You acquired it on level 6 of the Lair of Beasts)

   It protects you from fire.
   It protects you from cold.
   It insulates you from electricity.
   It affects your magic capacity (+9).
 T - a +4 plate armour of fire resistance (worn)
 X - a +1 pair of boots (worn)
Jewellery
 d - a +4 ring of slaying (right hand)
 o - an uncursed amulet of regeneration
 s - a +4 ring of protection (left hand)
 x - the amulet of Coolanorgh (around neck) {Gourm rF+ Dex+7}
   (You found it on level 6 of the Lair of Beasts)

   [amulet of the gourmand]

   It allows you to eat raw meat even when not hungry.
   It affects your dexterity (+7).
   It protects you from fire.
Wands
 k - a wand of digging (18/24)
 l - a wand of lightning (5/15)
 u - a wand of confusion (26/48)
 y - a wand of polymorph (16/24)
 z - a wand of disintegration (14/24)
 M - a wand of heal wounds (3/9)
 W - a wand of iceblast (2/15)
Scrolls
 f - 9 scrolls of remove curse
 p - 5 scrolls of identify
 q - 4 scrolls of enchant weapon
 v - a scroll of magic mapping
 w - 2 scrolls of fear
 A - 8 scrolls of teleportation
 B - 2 scrolls of recharging
 K - a scroll of summoning
 L - 3 scrolls of blinking
 Q - a scroll of silence
Potions
 h - 5 potions of agility
 i - 8 potions of heal wounds
 j - 12 potions of curing
 n - 4 potions of flight
 r - 3 potions of brilliance
 F - 4 potions of berserk rage
 J - a potion of haste
 O - 2 potions of resistance
 P - a potion of might
Books
 t - a book of Minor Magic

   Spells                             Type                      Level
   a - Magic Dart                     Conjuration                  1
   b - Blink                          Translocation                2
   c - Call Imp                       Summoning                    2
   d - Repel Missiles                 Charms/Air                   2
   e - Slow                           Hexes                        2
   f - Conjure Flame                  Conjuration/Fire             3
   g - Mephitic Cloud                 Conjuration/Poison/Air       3
   Trog disapproves of the use of such an item.
 D - a book of Cantrips

   Spells                             Type                      Level
   a - Confusing Touch                Hexes                        1
   b - Animate Skeleton               Necromancy                   1
   c - Summon Small Mammal            Summoning                    1
   d - Apportation                    Translocation                1
   Trog disapproves of the use of such an item.
Miscellaneous
 V - a sack of spiders
Comestibles
 g - 7 meat rations
 m - 9 beef jerkies
 E - 35 fruits
 H - 10 royal jellies
 I - 2 slices of pizza
 N - 12 bread rations


   Skills:
 * Level 20.5(18.7) Fighting
 - Level 20.0(18.2) Axes
 + Level 12.5(11.0) Armour
 + Level 3.9(2.7) Dodging
 - Level 0.1(0.0) Stealth


You had 15 spell levels left.
You didn't know any spells.

Dungeon Overview and Level Annotations

Branches:
Dungeon (12/15)            Temple (0/1) D:5            Lair (6/6) D:9
  Swamp (0/4) Lair:3        Snake (0/4) Lair:4        Slime (0/5) Lair:5
    Orc (2/2) D:12            Elf (1/3) Orc:2

Altars:
Ashenzari
Makhleb
Ru
Sif Muna
Beogh

Shops:
D:7 }   D:12 %   Orc:2 [([(

Portals:
Hell: Lair:6


Innate Abilities, Weirdness & Mutations

You reflexively headbutt those who attack you in melee.
You have a pair of horns on your head.
You are partially covered in yellow scales. (AC +2)
You are agile. (Dex +2)
Scrolls take you a little longer to read.
You passively map a small area around you.
You do not regenerate when monsters are visible.
Your spells are a little easier to cast, but a little less powerful.


Message History

The deep elf mage gestures at you while chanting.
The sticky flame hits you!
You are covered in liquid flames!
The deep elf archer shoots an arrow.
The arrow hits you but does no damage.
The deep elf mage gestures at you while chanting.
The bolt of negative energy hits the hell rat.
The hell rat is drained!
The hell rat dies!
The hell rat's corpse disappears in a puff of smoke!
The bolt of negative energy hits you!
You feel drained.
* * * LOW HITPOINT WARNING * * *
You see here an arrow.
You are covered in liquid flames!
* * * LOW HITPOINT WARNING * * *
The deep elf mage closely misses you. You furiously retaliate!
You headbutt the deep elf mage!
The hell rat bites you but does no damage.
The deep elf mage points at you and mumbles some strange words.
The bolt of negative energy hits you!
You feel drained.
You die...

.#.#......$##..#.###.#
,...#.......#.........#
***,*
##...(.....#...##### *
#...(....###.## ,
#.()((.[..#.## ,
###())[.....# ,
##).)..#.#..# ,
,##(..).(..#..# ,,
#(.e§.(@e....# *** ,
.%e.....r...(.#.. , ,
............###.., ∩
....#........#.....,
...###.....###...... ,
.. ##...## .... , ,
#...# * #.. , #...# ..


You could see a deep elf archer, 2 deep elf magi and a hell rat.

Vanquished Creatures
  The ghost of EggBrunch the Eclecticist, an adept DsWz of Vehumet (Elf:1)
  An orc warlord (Orc:2)
  Nessos (Orc:2)
  2 entropy weavers (Lair:4)
  A dire elephant (Lair:6)
  The ghost of bohran the Geomancer, a journeyman GrEE of Vehumet (D:11)
  Erolcha (D:11)
  Harold (Lair:2)
  11 hydras
  Erica (D:8)
  A queen ant (Lair:3)
  2 orc high priests (Orc:2)
  A tengu warrior (D:12)
  2 deep elf knights (Elf:1)
  A fire crab (Volcano)
  A sun demon (Lair:6)
  A sixfirhy (Lair:6)
  A wizard (Lair:6)
  An unseen horror (D:12)
  2 hill giants (D:12)
  A lindwurm (Volcano)
  6 deep elf magi (Elf:1)
  5 orc knights
  4 oklob plants (Lair:5)
  An orc sorcerer (Orc:2)
  A manticore (D:12)
  Joseph (D:8)
  A cyclops (D:11)
  6 elephants
  2 orange demons (Lair:6)
  A smoke demon (Lair:6)
  A gargoyle (D:12)
  14 spiny frogs
  5 rime drakes
  The ghost of Paps the Covered, a novice GrFi (D:5)
  10 komodo dragons
  3 ice devils (Lair:6)
  4 trolls
  3 red devils (Lair:6)
  A queen bee (D:9)
  A polar bear (Lair:4)
  A harpy skeleton (D:12)
  23 blink frogs
  A two-headed ogre (D:8)
  Prince Ribbit (D:8)
  10 dream sheep (Lair:4)
  3 slime creatures (D:12)
  7 hippogriffs
  3 shadows (D:12)
  31 yaks
  A wyvern (Lair:2)
  6 fire bats (Volcano)
  4 basilisks
  8 vampire mosquitoes
  2 steam dragons (Volcano)
  7 swamp worms (Lair:3)
  2 nagas (Lair:4)
  5 wargs
  15 water moccasins
  26 soldier ants
  4 hell hounds
  9 porcupines
  A black bear (D:7)
  33 orc warriors
  3 sky beasts
  2 eyes of draining (D:8)
  3 ice beasts
  A hornet zombie (D:12)
  2 necrophages
  8 ogres
  A phantom (D:6)
  12 wolves
  4 centaurs
  16 crocodiles
  5 big kobolds
  The ghost of Stil the Caller, an amateur DESu (D:3)
  12 bullfrogs
  A gnoll sergeant (D:7)
  A wyvern skeleton (D:7)
  4 scorpions
  27 killer bees
  4 wights (D:12)
  A howler monkey (D:7)
  2 bullfrog zombies (D:12)
  4 crimson imps
  32 orc priests
  4 hounds
  5 jellies
  A bullfrog skeleton (D:8)
  20 orc wizards
  2 iguanas
  Ijyb (D:2)
  24 worker ants
  A hound skeleton (D:8)
  A worker ant zombie (D:7)
  8 gnolls (D:7)
  10 adders
  2 shadow imps
  15 worms
  2 dart slugs (D:4)
  7 leopard geckos
  104 orcs
  6 ball pythons
  6 bats
  5 giant cockroaches
  10 goblins
  10 hobgoblins
  16 jackals
  3 quokkas
  3 frilled lizards
  43 kobolds
  A leopard gecko zombie (D:9)
  A quokka skeleton (D:4)
  5 rats
  2 fungi (Lair:6)
  15 plants
788 creatures vanquished.

Vanquished Creatures (others)
  A deep elf knight (Elf:1)
  An orc wizard (Orc:2)
  5 fungi (Lair:6)
  11 plants
18 creatures vanquished.

Grand Total: 806 creatures vanquished

Notes
Turn   | Place    | Note
-------+----------+-------------------------------------------
     0 | D:1      | dngmouse the Minotaur Berserker began the quest for the Orb.
     0 | D:1      | Reached XP level 1. HP: 19/19 MP: 0/0
   159 | D:1      | Reached XP level 2. HP: 17/26 MP: 1/1
   490 | D:2      | Reached ** piety under Trog
   507 | D:2      | Reached XP level 3. HP: 32/33 MP: 2/2
   531 | D:2      | Noticed Ijyb
   539 | D:2      | Killed Ijyb
   539 | D:2      | Reached skill level 5 in Axes
   718 | D:2      | Reached XP level 4. HP: 37/40 MP: 3/3
  1163 | D:3      | Found a faded altar of an unknown god.
  1296 | D:3      | Noticed Stil's ghost (amateur DESu)
  1333 | D:3      | Killed Stil's ghost
  1333 | D:3      | Reached XP level 5. HP: 42/47 MP: 4/4
  1975 | D:4      | Reached XP level 6. HP: 25/53 MP: 5/5
  2051 | D:4      | Reached *** piety under Trog
  2161 | D:4      | Reached skill level 5 in Fighting
  2189 | D:4      | Found a glowing drain.
  2198 | Sewer    | Entered a sewer
  2432 | Sewer    | Reached XP level 7. HP: 59/61 MP: 6/6
  2865 | D:5      | Entered Level 5 of the Dungeon
  3175 | D:5      | Noticed Paps's ghost (novice GrFi)
  3186 | D:5      | Killed Paps's ghost
  3186 | D:5      | Reached skill level 10 in Axes
  3186 | D:5      | Reached XP level 8. HP: 70/70 MP: 7/7
  3263 | D:5      | Found a staircase to the Ecumenical Temple.
  3929 | D:6      | Reached **** piety under Trog
  4099 | D:6      | Found a shattered altar of Ashenzari.
  4165 | D:6      | Received a gift from Trog
  4607 | D:7      | Reached XP level 9. HP: 60/75 MP: 8/8
  5000 | D:7      | Found Qunnudam's Gadget Shop.
  5153 | D:7      | Got a pair of translucent gloves
  5165 | D:7      | Identified the cursed +0 pair of gloves "Ussuon" {rPois rF+++ MR- Stlth-} (You found it on level 7 of the Dungeon)
  5279 | D:7      | Reached ***** piety under Trog
  5691 | D:8      | Noticed Joseph
  5711 | D:8      | Killed Joseph
  5711 | D:8      | Reached skill level 15 in Axes
  6059 | D:8      | Noticed Erica
  6061 | D:8      | Reached XP level 10. HP: 89/89 MP: 9/9
  6072 | D:8      | Killed Erica
  6217 | D:8      | Noticed Prince Ribbit
  6254 | D:8      | Reached skill level 10 in Fighting
  6495 | D:8      | Killed Prince Ribbit
  6822 | D:9      | Reached XP level 11. HP: 27/107 MP: 10/10
  6970 | D:9      | Found a staircase to the Lair.
  7115 | D:9      | Received a gift from Trog
  7130 | D:9      | You fall through a shaft for 2 floors!
  7176 | D:11     | Noticed bohran's ghost (journeyman GrEE)
  7197 | D:11     | Killed bohran's ghost
  7239 | D:11     | Noticed Erolcha
  7251 | D:11     | Killed Erolcha
  7261 | D:11     | Gained mutation: You are partially covered in yellow scales. (AC +2) [potion of mutation]
  7261 | D:11     | Gained mutation: You regenerate slowly when monsters are visible. [potion of mutation]
  7261 | D:11     | Gained mutation: You do not regenerate when monsters are visible. [potion of mutation]
  7264 | D:11     | Gained mutation: You are agile. (Dex +2) [potion of mutation]
  7264 | D:11     | Gained mutation: Your spells are a little easier to cast, but a little less powerful. [potion of mutation]
  7264 | D:11     | Gained mutation: You passively map a small area around you. [potion of mutation]
  7548 | D:11     | Reached skill level 15 in Fighting
  7617 | D:11     | Noticed a four-headed hydra
  7622 | D:11     | Killed a seven-headed hydra
  8039 | D:12     | Found a staircase to the Orcish Mines.
  8078 | D:12     | Noticed a hill giant
  8080 | D:12     | Killed a hill giant
  8281 | D:12     | Killed an unseen horror
  8384 | D:12     | Noticed a tengu warrior
  8393 | D:12     | Killed a tengu warrior
  8393 | D:12     | Reached XP level 12. HP: 94/124 MP: 3/11
  8485 | D:12     | Found Oclyess's Food Shoppe.
  8626 | D:12     | Found a deep blue altar of Sif Muna.
  8645 | Orc:1    | Entered Level 1 of the Orcish Mines
  8647 | Orc:1    | Received a gift from Trog
  8756 | Orc:1    | Reached skill level 5 in Armour
  8818 | Orc:1    | Received a gift from Trog
  9105 | Orc:2    | Entered Level 2 of the Orcish Mines
  9117 | Orc:2    | Noticed Nessos
  9123 | Orc:2    | Killed Nessos
  9141 | Orc:2    | Found a roughly hewn altar of Beogh.
  9142 | Orc:2    | Found Bashrivi's Antique Armour Emporium.
  9696 | Orc:2    | Found a staircase to the Elven Halls.
 10060 | Orc:2    | Found a roughly hewn altar of Beogh.
 10061 | Orc:2    | Found Jonaecai's Antique Weapon Boutique.
 10064 | Orc:2    | Reached ****** piety under Trog
 10086 | Orc:2    | Bought a brightly glowing dire flail for 252 gold pieces
 10086 | Orc:2    | Identified the +3 dire flail "Beetle's Death Toll" {flame, rN++} (You bought it in a shop on level 2 of the Orcish Mines)
 10213 | Orc:1    | Found a burning altar of Makhleb.
 10287 | Orc:2    | Noticed an orc high priest
 10287 | Orc:2    | Received a gift from Trog
 10295 | Orc:2    | Noticed an orc warlord
 10296 | Orc:2    | Killed an orc high priest
 10299 | Orc:2    | Noticed an orc high priest
 10483 | Orc:2    | Killed an orc warlord
 10483 | Orc:2    | Reached XP level 13. HP: 134/134 MP: 12/12
 10592 | Orc:2    | Found Zeawacleumm's Antique Weapon Shoppe.
 10593 | Orc:2    | Found a roughly hewn altar of Beogh.
 10594 | Orc:2    | Found Fablu's Antique Armour Emporium.
 10607 | Orc:2    | Bought a translucent cloak for 313 gold pieces
 10617 | Orc:2    | Identified the cursed +0 cloak "Raetiu" {rC+ Int+2} (You bought it in a shop on level 2 of the Orcish Mines)
 10740 | Orc:2    | Bought a transparent cloak for 247 gold pieces
 10751 | Orc:2    | Identified the +2 cloak of Infinity {rF- MR+ Int+4 Stlth+} (You bought it in a shop on level 2 of the Orcish Mines)
 10905 | D:10     | Entered Level 10 of the Dungeon
 10948 | Lair:1   | Entered Level 1 of the Lair of Beasts
 11281 | Lair:1   | Found a sacrificial altar of Ru.
 11650 | Lair:2   | Received a gift from Trog
 12089 | Lair:2   | Noticed Harold
 12101 | Lair:2   | Killed Harold
 12370 | Lair:3   | Found a staircase to the Swamp.
 12656 | Lair:3   | Found a dark tunnel.
 12756 | Volcano  | Entered a volcano
 13458 | Lair:4   | Received a gift from Trog
 13479 | Lair:4   | Reached XP level 14. HP: 142/146 MP: 6/13
 13492 | Lair:4   | Noticed an entropy weaver
 13495 | Lair:4   | Noticed an entropy weaver
 13721 | Lair:4   | Killed an entropy weaver
 13728 | Lair:4   | Killed an entropy weaver
 14145 | Lair:4   | Reached skill level 10 in Armour
 14272 | Lair:4   | Received a gift from Trog
 14305 | Lair:4   | Found a staircase to the Snake Pit.
 15128 | Lair:5   | Found a staircase to the Slime Pits.
 15714 | Lair:6   | Entered Level 6 of the Lair of Beasts
 15868 | Lair:6   | Identified a scroll of acquirement
 16207 | Lair:6   | Received a gift from Trog
 16908 | Lair:6   | Reached XP level 15. HP: 155/155 MP: 14/14
 16952 | Lair:6   | Reached XP level 16. HP: 162/162 MP: 5/15
 16959 | Lair:6   | Found a burning altar of Makhleb.
 17126 | Lair:6   | Found a gateway to Hell.
 17134 | Lair:6   | Got a coiled garnet amulet
 17138 | Lair:6   | Identified the amulet of Coolanorgh {Gourm rF+ Dex+7} (You found it on level 6 of the Lair of Beasts)
 17224 | Lair:6   | Got a pair of dazzling gloves
 17235 | Lair:6   | Identified the +1 pair of gloves "Uqatt" {rElec rF+ rC+ MP+9} (You acquired it on level 6 of the Lair of Beasts)
 17563 | Elf:1    | Entered Level 1 of the Elven Halls
 17566 | Elf:1    | Noticed EggBrunch's ghost (adept DsWz)
 18041 | Elf:1    | Killed EggBrunch's ghost
 18195 | Elf:1    | Received a gift from Trog
 18200 | Elf:1    | Gained mutation: Scrolls take you a little longer to read. [a neqoxec]
 18368 | Elf:1    | Killed from afar by a deep elf mage

Skill      XL: |  1  2  3  4  5  6  7  8  9 10 11 12 13 14 15 16 |
---------------+-------------------------------------------------+-----
Axes           | 4 5 6 7 9 10 13 15 16 17 19 20 | 20.0
Fighting       | 4 5 6 8 13 16 18 19 20 | 20.5
Armour         | 3 7 9 11 12 | 12.5
Dodging        | 3 |  3.9
Stealth        | |  0.1

Action                   |  1- 3 |  4- 6 |  7- 9 | 10-12 | 13-15 | 16-18 || total
-------------------------+-------+-------+-------+-------+-------+-------++-------
Melee: Hand axe          |    87 |   176 |    64 |       |       |       ||   327
       Headbutt          |    13 |    29 |    86 |    97 |   115 |    23 ||   363
       Battleaxe         |       |       |   292 |   473 |    51 |    31 ||   847
       Executioner's axe |       |       |       |     6 |   462 |    53 ||   521
Throw: Javelin           |       |       |       |     6 |    15 |     5 ||    26
Invok: Berserk           |     1 |     2 |     3 |     5 |       |     2 ||    13
       Trog's Hand       |     1 |       |     1 |     3 |       |     2 ||     7
Evoke: Wand              |       |       |       |       |     4 |       ||     4
  Use: Scroll            |       |     9 |     3 |     7 |    14 |     2 ||    35
       Potion            |       |     1 |       |    11 |     1 |     1 ||    14
  Eat: Chunk             |     1 |     8 |    13 |    19 |    23 |    14 ||    78
       Beef jerky        |       |       |     1 |       |       |       ||     1
Armor: Plate armour      |    64 |   109 |   202 |   378 |   499 |    86 ||  1338
       Animal skin       |     1 |       |       |       |       |       ||     1
Dodge: Dodged            |    32 |    67 |   134 |   197 |   210 |    51 ||   691
